Map: Snowpiercer LC

Players

Cybertron

  • Race: Terran Terran

BabySwiss - Winner!

  • Race: Zerg Zerg
  • League: Gold

VOD

Have the link to the VOD?

Description

Time

  • Played on: Nov. 4, 2024, 8:04 p.m.
  • Length: 32:20
Show
View Real Time Build Order
Export as new Build Order

Cybertron Terran 

Build Orders: Reaper Expand, Hellion Banshee 

Get SALT Encoding   

  12  0:00  SCV  
  13  0:12  SCV  
  14  0:17  Supply Depot  
  14  0:24  SCV  
  15  0:38  SCV  
  15  0:39  Barracks  
  16  0:50  SCV  
  16  0:52  Refinery  
  17  1:03  SCV  
  18  1:15  SCV  
  19  1:29  Orbital Command  
  19  1:36  Reaper  
  20  1:50  Command Center  
  20  1:56  SCV  
  21  2:09  Marine, Supply Depot  
  21  2:12  Factory  
  22  2:16  SCV  
  22  2:20  Refinery  
  23  2:30  Barracks Reactor  
  23  2:31  SCV  
  24  2:43  SCV  
  25  2:55  SCV  
  26  2:59  Starport  
  26  3:04  Orbital Command  
  26  3:12  Supply Depot  
  26  3:13  SCV  
  26  3:15  Barracks Tech Lab  
  26  3:18  Hellion  
  26  3:19  Hellion  
  31  3:25  SCV  
  32  3:33  SCV  
  33  3:34  Supply Depot  
  33  3:37  Marauder, SCV  
  33  3:38  Starport Tech Lab  
  36  3:42  Hellion  
  36  3:46  SCV  
  36  3:47  Hellion  
  41  3:57  Banshee  
  44  4:04  Supply Depot  
  44  4:06  Hellion  
  44  4:07  Concussive Shells, Marauder  
  50  4:10  Hellion, SCV  
  50  4:11  SCV  
  52  4:23  SCV x2  
  54  4:35  Refinery  
  44  4:39  SCV x2  
  44  4:45  Hellion x2  
  37  4:51  Banshee, SCV x2  
  36  4:52  Marauder  
  28  5:03  SCV x2  
  25  5:15  SCV x2  
  26  5:27  SCV x2  
  27  5:29  Hellion  
  28  5:39  SCV  
  29  5:45  SCV  
  24  5:59  SCV x2  
  26  6:11  SCV x2  
  28  6:15  Hellion x2  
  32  6:23  SCV  
  33  6:25  Marine  
  33  6:26  SCV  
  35  6:33  Banshee  
  35  6:35  SCV  
  35  6:37  Hellion  
  35  6:39  SCV  
  42  6:45  Hellion, Marauder  
  46  6:47  SCV  
  46  6:51  SCV  
  48  6:59  SCV  
  45  7:03  SCV  
  46  7:11  SCV  
  46  7:15  SCV  
  39  7:23  SCV  
  39  7:27  SCV  
  39  7:29  Hellion x2, Banshee  
  49  7:30  Marauder  
  49  7:35  SCV  
  50  7:39  SCV  
  48  7:47  SCV  
  46  7:51  SCV  
  46  7:52  Supply Depot  
  47  7:58  Supply Depot  
  47  8:00  SCV  
  47  8:03  Factory  
  48  8:06  SCV  
  48  8:11  Hellion x2  
  48  8:12  SCV  
  54  8:14  Marauder  
  54  8:18  SCV  
  57  8:21  Cloaking Field  
  57  8:24  SCV  
  61  8:30  SCV  
  61  8:33  Fusion Core  
  62  8:36  SCV  
  62  8:37  Hellion x2  
  67  8:42  SCV  
  67  8:43  Marauder  
  70  8:50  SCV  
  70  8:53  Supply Depot  
  70  8:54  SCV  
  69  8:58  Banshee  
  69  9:02  Factory x2  
  72  9:10  Factory Tech Lab  
  72  9:13  SCV x2  
  72  9:15  Siege Tank  
  72  9:16  Marine x2  
  79  9:18  Infernal Pre-Igniter  
  79  9:21  Supply Depot  
  79  9:27  Command Center  
  78  9:35  Hellion  
  58  9:56  SCV  
  58  9:59  Hellion x2  
  63  10:00  Siege Tank  
  56  10:19  Marine  
  56  10:20  Marine, Banshee  
  55  10:25  Factory Reactor  
  55  10:27  Factory Tech Lab  
  53  10:37  Siege Tank, Marine x2  
  53  10:39  Command Center  
  58  10:46  Armory  
  58  10:54  Orbital Command  
  58  11:00  Siege Tank  
  61  11:08  Hellion x2  
  65  11:18  Siege Tank  
  68  11:21  Orbital Command  
  68  11:34  Refinery x2  
  70  11:47  SCV x2  
  70  11:51  Hellion  
  72  11:59  SCV  
  72  12:00  Hellion  
  75  12:05  Siege Tank  
  75  12:07  Cyclone  
  75  12:08  Banshee  
  84  12:09  Terran Vehicle And Ship Armor Level 1  
  84  12:13  SCV  
  84  12:15  Orbital Command  
  85  12:17  Hellion x4  
  85  12:25  Supply Depot  
  85  12:27  Supply Depot  
  85  12:29  Supply Depot  
  85  12:32  Smart Servos  
  85  12:33  Hyperflight Rotors  
  85  12:47  Hellion x2, SCV x2  
  91  12:52  Siege Tank  
  91  12:58  Banshee  
  100  12:59  SCV  
  100  13:00  SCV  
  102  13:11  Widow Mine x2  
  106  13:20  Engineering Bay  
  106  13:24  Thor  
  106  13:25  Factory Tech Lab  
  109  13:29  Orbital Command  
  109  13:35  Supply Depot  
  109  13:36  Supply Depot  
  109  13:43  Thor  
  109  13:57  Hellion x2, SCV, Banshee  
  109  13:58  Thor, SCV  
  124  14:06  Supply Depot, Terran Vehicle And Ship Armor Level 2  
  124  14:07  Supply Depot, Thor  
  124  14:08  SCV  
  124  14:09  SCV  
  132  14:10  SCV  
  130  14:20  SCV  
  130  14:23  Refinery x2  
  121  14:27  Hellion x2  
  121  14:28  SCV  
  121  14:29  SCV  
  127  14:32  SCV  
  127  14:35  Siege Tank  
  131  14:40  Sensor Tower  
  131  14:43  Supply Depot  
  131  14:44  Thor  
  131  14:45  Supply Depot  
  137  14:54  Hellion x2  
  137  14:55  Factory  
  137  14:57  SCV x3  
  138  15:15  Thor  
  138  15:16  Banshee  
  138  15:21  Hellion x2  
  151  15:27  Supply Depot  
  151  15:37  Thor  
  151  15:39  Sensor Tower  
  151  15:40  Supply Depot  
  151  15:42  Supply Depot  
  161  15:50  Hellion x3, Command Center  
  163  16:02  Thor  
  163  16:03  Siege Tank  
  168  16:09  Hellion, Banshee  
  167  16:16  Hellion x2  
  171  16:19  Armory  
  171  16:28  Siege Tank  
  171  16:29  Hellion  
  171  16:32  Missile Turret  
  176  16:34  Hellion  
  170  17:03  Hellion x2  
  170  17:04  Hellion  
  170  17:06  SCV x2  
  170  17:07  SCV  
  177  17:10  Hellion, Thor, Siege Tank  
  177  17:12  Banshee  
  177  17:13  Sensor Tower  
  191  17:21  Planetary Fortress  
  191  17:28  Refinery x2  
  191  17:29  Sensor Tower  
  187  17:52  Hellion x3  
  187  17:55  Banshee  
  198  17:58  SCV x3  
  199  18:07  Hellion x9  
  199  18:10  SCV  
  200  18:13  Mag-Field Accelerator  
  200  18:14  Terran Vehicle Weapons Level 1, Terran Vehicle And Ship Armor Level 3  
  200  18:38  Banshee  
  197  18:41  Hellion  
  199  18:51  Command Center x2  
  199  18:53  Command Center  
  187  19:01  Hellion x2  
  181  19:19  Hellion, Thor  
  181  19:20  Siege Tank, Thor  
  181  19:21  Viking  
  194  20:09  Hellion x2  
  194  20:10  Hellion  
  194  20:22  Hellion, Cyclone  
  194  20:26  Terran Vehicle Weapons Level 2  
  199  20:36  Orbital Command x2  
  197  20:51  Terran Ship Weapons Level 1  
  189  20:58  Raven  
  189  20:59  Hi-Sec Auto Tracking  
  191  21:22  Hellion x3, Cyclone  
  191  21:24  Sensor Tower  
  189  21:56  Neosteel Armor  
  189  21:58  Hellion x2, Cyclone  
  190  22:07  Hellion x10  
  184  22:13  Siege Tank x2  
  190  22:17  Raven  
  182  22:30  Thor  
  182  22:35  Refinery  
  182  22:36  Refinery  
  188  22:45  Siege Tank, Thor  
  188  22:46  Terran Ship Weapons Level 2, Terran Vehicle Weapons Level 3  
  191  23:03  Orbital Command  
  185  23:16  Sensor Tower  
  179  23:20  Siege Tank x2  
  179  23:21  Banshee  
  185  23:27  Hellion x2  
  185  23:28  Hellion, Cyclone  
  184  23:44  Hellion  
  186  23:52  Cyclone x2  
  178  24:04  Banshee  
  170  24:11  Thor  
  170  24:12  Hellion x3  
  171  24:24  Siege Tank, Thor  
  171  24:28  Factory x3  
  180  24:41  Hellion  
  180  24:42  Hellion x2  
  182  24:55  Siege Tank  
  182  24:56  Thor  
  170  25:07  Siege Tank  
  163  25:26  Thor  
  120  25:36  Hellion x3  
  120  25:39  Siege Tank, Thor  
  137  25:50  Hellion, Factory Tech Lab x3  
  112  26:09  Siege Tank, Cyclone, Hellion  
  112  26:10  Hellion, Cyclone  
  110  26:11  Siege Tank  
  110  26:12  Siege Tank  
  110  26:22  Siege Tank  
  110  26:24  Hellion  
  110  26:25  Hellion  
  117  26:34  Orbital Command  
  121  26:40  Hellion x2  
  121  26:41  Thor  
  121  26:42  Siege Tank x2  
  121  26:43  Siege Tank, Thor  
  142  26:54  Thor  
  148  27:05  Refinery  
  148  27:06  Refinery  
  148  27:14  Siege Tank x2  
  148  27:15  Thor  
  154  27:20  Command Center  
  154  27:21  Command Center  
  160  27:24  Terran Ship Weapons Level 3, Thor  
  153  27:37  Cyclone  
  153  27:39  Siege Tank  
  131  27:45  Thor  
  131  27:46  Siege Tank  
  134  27:58  Thor  
  127  28:19  Siege Tank, Thor  
  125  28:25  SCV x5  
  124  28:29  Siege Tank  
  124  28:36  Hellion  
  124  28:37  Hellion  
  125  28:41  Siege Tank  
  128  28:50  Thor  
  128  28:52  Factory Tech Lab  
  134  29:01  Siege Tank  
  134  29:02  Thor  
  143  29:08  Hellion x5  
  143  29:13  Siege Tank  
  139  29:33  Siege Tank  
  132  29:39  SCV x5  
  130  30:16  SCV x2  
  130  30:19  SCV x2  
  135  30:23  Siege Tank  
  135  30:28  SCV  
  134  30:32  Orbital Command  
  103  30:52  Siege Tank  
  100  30:58  Hellion x2  
  100  30:59  Hellion x5  
  108  31:20  Hellion x3  
Show
View Real Time Build Order
Export as new Build Order

BabySwiss Zerg - Winner!

Build Orders: Hatch First, Lurkers 

Get SALT Encoding   

  12  0:00  Drone  
  13  0:15  Overlord  
  13  0:17  Drone  
  14  0:33  Drone x2  
  16  0:46  Hatchery  
  15  0:50  Drone  
  15  0:53  Drone  
  17  1:04  Extractor  
  16  1:10  Spawning Pool  
  15  1:13  Drone  
  15  1:16  Drone  
  17  1:20  Drone  
  18  1:30  Drone  
  19  1:46  Drone  
  20  1:56  Queen  
  20  1:58  Queen  
  24  2:05  Roach Warren  
  23  2:09  Drone  
  24  2:22  Drone x3  
  27  2:29  Metabolic Boost  
  27  2:35  Overlord  
  27  2:56  Roach x2  
  27  2:57  Roach x2  
  35  2:59  Overlord  
  35  3:13  Overlord x2  
  35  3:21  Roach  
  35  3:22  Roach x2  
  35  3:26  Roach  
  43  3:31  Zergling x2  
  43  3:32  Zergling x2  
  45  3:48  Zergling x2  
  45  3:49  Zergling x12  
  52  4:08  Roach  
  52  4:09  Roach x2  
  58  4:10  Overlord  
  45  4:53  Zergling x2  
  45  4:54  Zergling x14  
  49  5:01  Spore Crawler  
  49  5:03  Drone, Spore Crawler  
  42  5:20  Drone x4  
  46  5:23  Lair  
  43  5:36  Hatchery  
  41  5:44  Zergling x2  
  41  5:45  Zergling x12  
  40  5:54  Roach x2  
  42  5:58  Roach x3  
  42  6:01  Drone x4, Extractor  
  49  6:08  Drone  
  50  6:15  Overlord  
  50  6:20  Drone  
  51  6:30  Drone x6, Hydralisk Den  
  51  6:31  Drone  
  57  6:35  Extractor  
  56  6:40  Overseer  
  56  6:41  Overseer  
  56  6:47  Queen  
  51  7:14  Queen  
  55  7:22  Hydralisk x3, Queen  
  51  7:46  Drone x3  
  51  7:50  Queen  
  56  7:55  Hydralisk x6  
  68  8:05  Overlord x2  
  68  8:06  Hatchery  
  67  8:22  Zergling x2  
  67  8:23  Zergling x10  
  73  8:30  Hydralisk  
  75  8:55  Muscular Augments  
  75  8:56  Zergling x2  
  75  8:57  Zergling x10  
  68  9:49  Zergling x14  
  68  9:50  Zergling x4  
  73  9:59  Grooved Spines  
  68  10:20  Hydralisk  
  66  10:21  Hydralisk x10  
  86  10:33  Overlord x2  
  86  10:40  Hatchery  
  85  10:55  Hatchery  
  84  11:06  Drone x6  
  84  11:07  Drone x2  
  92  11:12  Glial Reconstitution  
  92  11:13  Spire  
  91  11:26  Hydralisk x6  
  91  11:27  Hydralisk  
  91  11:30  Drone  
  106  11:36  Overlord  
  106  11:44  Overlord x3  
  106  11:45  Overlord  
  106  12:03  Overlord x3  
  106  12:04  Drone  
  106  12:05  Drone x3  
  106  12:07  Extractor  
  109  12:09  Extractor  
  108  12:22  Drone  
  109  12:23  Drone x9  
  109  12:29  Mutalisk  
  118  12:30  Mutalisk x2  
  124  12:38  Drone  
  124  12:39  Drone  
  124  12:42  Extractor  
  125  12:46  Extractor  
  123  12:58  Burrow  
  123  12:59  Pneumatized Carapace  
  123  13:05  Drone  
  123  13:06  Drone x3  
  123  13:07  Drone x3  
  123  13:08  Drone x7  
  137  13:13  Drone  
  137  13:14  Drone x4  
  137  13:15  Drone  
  137  13:16  Mutalisk x3  
  149  13:25  Infestation Pit  
  148  13:27  Evolution Chamber  
  148  13:28  Evolution Chamber  
  148  13:29  Evolution Chamber  
  148  13:32  Lurker Den  
  144  13:41  Mutalisk x7  
  144  13:43  Zergling x10  
  163  13:49  Drone x2  
  163  13:50  Drone x2  
  163  13:52  Baneling Nest  
  166  14:04  Spore Crawler  
  153  14:26  Zergling x26  
  153  14:27  Overlord, Zergling x14  
  173  14:35  Extractor  
  173  14:38  Extractor  
  171  14:39  Zerg Ground Armor Level 1  
  171  14:40  Zerg Missile Weapons Level 1, Zerg Melee Weapons Level 1  
  171  14:42  Hive  
  171  14:45  Lurker x2  
  173  14:46  Lurker x2  
  175  15:10  Drone x13  
  175  15:13  Spore Crawler  
  163  15:35  Baneling  
  163  15:36  Baneling x9  
  163  15:42  Overlord x6  
  163  15:44  Swarm Host x2  
  181  15:53  Overseer  
  181  15:55  Overseer x3  
  181  15:57  Seismic Spines  
  181  16:10  Lurker x2  
  181  16:11  Lurker x2  
  185  16:15  Baneling x6  
  185  16:17  Drone x2  
  185  16:18  Drone x4  
  189  16:19  Drone x4  
  189  16:20  Drone x4  
  199  16:38  Hatchery  
  198  16:42  Hatchery  
  196  16:54  Adaptive Talons  
  196  16:57  Hatchery  
  192  17:03  Unknown  
  192  17:08  Viper x2  
  196  18:13  Zerg Melee Weapons Level 2, Zerg Missile Weapons Level 2  
  196  18:14  Zerg Ground Armor Level 2  
  196  18:22  Zergling x6  
  195  19:16  Viper  
  195  19:19  Baneling x2  
  195  19:21  Centrifugal Hooks  
  195  19:23  Greater Spire  
  195  19:24  Neural Parasite  
  198  19:26  Tunneling Claws  
  165  19:58  Hydralisk  
  165  19:59  Hydralisk x9  
  179  20:01  Viper x3  
  179  20:03  Roach  
  177  20:30  Zerg Missile Weapons Level 3  
  177  20:31  Zerg Ground Armor Level 3, Zerg Melee Weapons Level 3  
  165  20:58  Hydralisk x7  
  165  20:59  Lurker  
  165  21:00  Lurker x5  
  165  21:01  Lurker x3  
  165  21:02  Zergling x14  
  165  21:03  Zergling x12  
  194  21:43  Hydralisk x3  
  193  22:27  Spore Crawler  
  192  22:37  Spore Crawler  
  176  23:01  Hydralisk x14  
  176  23:02  Zergling x2  
  176  23:03  Zergling x4  
  192  23:33  Lurker x3  
  192  23:40  Zergling x12  
  192  23:41  Zergling x4  
  163  24:17  Viper x4  
  163  24:18  Hydralisk  
  163  24:19  Hydralisk x11  
  163  24:21  Zergling x2  
  177  25:07  Hydralisk  
  177  25:08  Hydralisk x8  
  195  25:14  Spine Crawler  
  195  25:15  Spine Crawler x2  
  195  25:17  Spine Crawler x3  
  195  25:18  Spine Crawler  
  195  25:19  Spine Crawler  
  182  25:24  Hydralisk x14  
  182  25:25  Hydralisk x4  
  188  25:36  Hydralisk  
  188  25:37  Hydralisk x13  
  149  26:19  Zergling x4  
  149  26:20  Hydralisk, Zergling x4  
  149  26:21  Hydralisk x8  
  149  26:23  Viper x4  
  183  26:26  Drone  
  183  26:27  Drone x3  
  183  26:29  Drone x2  
  183  26:30  Drone  
  189  26:50  Lurker x3  
  189  26:51  Lurker x2  
  189  26:54  Drone x6  
  200  27:06  Extractor  
  199  27:10  Extractor  
  198  27:18  Overseer x3  
  188  27:37  Extractor  
  188  27:39  Extractor  
  140  28:20  Zergling x12  
  140  28:21  Zergling x12  
  152  28:41  Hydralisk, Zergling x2  
  138  28:42  Hydralisk x10  
  138  28:47  Drone x3  
  138  28:48  Drone x3  
  164  28:49  Drone  
  164  28:50  Drone x13  
  164  28:51  Drone x2  
  164  28:52  Drone x4  
  164  28:53  Zergling x2  
  164  28:54  Zergling x16  
  173  30:04  Zergling x8  
  173  30:05  Zergling x12  
  173  30:06  Hydralisk, Zergling x2  
  186  30:07  Viper  
  186  30:08  Viper x3  
  186  30:10  Zergling x2  
  181  31:05  Drone  
  181  31:06  Drone x3  
  181  31:11  Drone x3  
  188  31:12  Drone x4  
  188  31:13  Drone  
  188  31:17  Zergling x2  
  188  31:18  Zergling x12  
Tags
 
Add a new tag
Caveats
  • Supply blocks, unpowered buildings, or Contaminate may cause inaccurate times.
  • Supply counts are checked every 10 seconds.